 Dungeon Crawl Stone Soup version 0.25-a0-435-g4b9beb1 (webtiles) character file.

Game seed: 18077404593299527923, levelgen mode: deterministic

490 2tousent the Conjurer (level 6, -2/41 HPs)
             Began as a Demonspawn Conjurer on Jan 29, 2020.
             Was a Follower of Ru.
             Slain by an ogre
             ... wielding a +0 giant club
              (23 damage)
             ... on level 4 of the Dungeon.
             The game lasted 00:19:08 (7225 turns).

2tousent the Conjurer (Demonspawn Conjurer)         Turns: 7225, Time: 00:19:09

Health: -2/41      AC:  4    Str:  8    XL:     6   Next: 90%
Magic:  5/11       EV: 12    Int: 23    God:    Ru [*.....]
Gold:   188        SH:  0    Dex: 13    Spells: 5/12 levels left

rFire    . . .     SeeInvis .   (no weapon)
rCold    . . .     Gourm    .   (no shield)
rNeg     . . .     Faith    .   a - +0 robe
rPois    .         Spirit   .   (helmet restricted)
rElec    .         Reflect  .   (no cloak)
rCorr    .         Harm     .   (no gloves)
MR       +....                  (no boots)
Stlth    ++........             (no amulet)
HPRegen  0.13/turn              k - ring of protection from magic
MPRegen  0.12/turn              g - +4 ring of intelligence

@: no status effects
A: antennae 1, icy blue scales 1, unskilled 1
a: Renounce Religion


You were on level 4 of the Dungeon.
You worshipped Ru.
Ru was aware of your devotion.
You were not hungry.

You visited 1 branch of the dungeon, and saw 4 of its levels.
You also visited: Ossuary.

You collected 188 gold pieces.

Inventory:

Armour
 a - a +0 robe (worn)
Jewellery
 g - a +4 ring of intelligence (right hand)
 h - a +5 ring of strength
 k - a ring of protection from magic (left hand)
 n - an uncursed ring of fire
Wands
 d - a wand of iceblast (4)
Scrolls
 l - 3 scrolls of immolation
 q - a scroll of remove curse
Potions
 b - a potion of might
 e - a potion of agility
 f - 7 potions of degeneration {unknown}
 i - 4 potions of brilliance
 j - a potion of lignification
 m - a potion of haste {unknown}
 o - 5 potions of mutation {unknown}
 p - 2 potions of curing
 r - 2 potions of cancellation {unknown}
 s - a potion of ambrosia {unknown}
 t - a potion of flight {unknown}
 v - a potion of resistance {unknown}
Comestibles
 c - 6 rations


   Skills:
 - Level 1.5 Dodging
 - Level 1.5 Stealth
 + Level 3.8 Spellcasting
 * Level 6.5 Conjurations


You had 5 spell levels left.
You knew the following spells:

 Your Spells              Type           Power        Failure   Level  Hunger
a - Magic Dart            Conj           ####         1%          1    None
b - Searing Ray           Conj           ####..       1%          2    #......
c - Fulminant Prism       Conj/Hex       ###.......   26%         4    ####...

Your spell library contained the following spells:

 Spells                   Type           Power        Failure   Level  Hunger
 Dazzling Flash           Conj/Hex       ###...       9%          3    ###....
 Iskenderun's Mystic Bla  Conj/Tloc      ###.....     26%         4    ####...


Dungeon Overview and Level Annotations

Branches:
Dungeon (4/15)            Ossuary (visited)
 Temple: D:4-7

Altars:
Ashenzari
Fedhas
Hepliaklqana
Qazlal
Ru
Trog
Xom
Yredelemnul

Shops:
D:4 (


Innate Abilities, Weirdness & Mutations

You have a pair of small antennae on your head.
You are partially covered in icy blue scales. (AC +2)
You are somewhat unskilled. (-1 Apt)


Message History

The orc wizard is severely wounded.
The blast of energy engulfs you!
You hear a shout!
Casting: Fulminant Prism (quite dangerous; 28% risk of failure)
Confirm with . or Enter, or press ? or * to list all spells.
Aiming: Searing Ray (safe; 1% risk of failure)
Press: ? - help, Shift-Dir - straight line, f - orc wizard
Aim: an orc wizard, wielding a +0 dagger and wearing a +0 robe (severely wounded)
The searing ray hits the orc wizard!
You kill the orc wizard! (Press . to maintain the ray.)
An ogre comes into view. It is wielding a +0 giant club.
You see here 4 large rocks.
You hit the ogre.
The ogre is lightly wounded.
The ogre hits you with a +0 giant club!
You see here 4 large rocks.
The ogre hits you with a +0 giant club!!
Ouch! That really hurt!
You die...

.......##.........#
.....(# #.........#
...... #####'###.#
##.....# #.# #.# #
.....#..## #.# #.# #
.....#...#######'###.# #
........).(.......# #
#....#.####O.....# #.
#.......<.@[.....# ..#
#.###.#.....#......#
###.#...........#......#
#.#####[#.......##)###
#.....).........##.#
###...##.###..####.#
#...##.# #....##.#
#...##.# ###..##.#
#####...##.#
#..##.#######


You could see an ogre.

Vanquished Creatures
  An ogre (D:4)
  A human zombie (Ossuary)
  An orc priest (D:4)
  4 orc wizards (D:4)
  4 mummies (Ossuary)
  8 adders (D:2)
  3 gnolls (D:2)
  A worm (D:2)
  A dart slug (D:1)
  4 leopard geckos
  9 orcs
  4 bats
  4 giant cockroaches
  3 goblins (D:1)
  16 hobgoblins
  4 kobolds
  2 quokkas (D:3)
  A ball python (D:1)
  6 frilled lizards
  4 gnoll zombies (Ossuary)
  2 hobgoblin zombies (Ossuary)
  A kobold zombie (Ossuary)
  7 rats
91 creatures vanquished.

Vanquished Creatures (others)
  12 fulminant prisms
12 creatures vanquished.

Grand Total: 103 creatures vanquished

Notes
Turn   | Place    | Note
-------+----------+-------------------------------------------
     0 | D:1      | 2tousent the Demonspawn Conjurer began the quest for the
                  | Orb.
     0 | D:1      | Reached XP level 1. HP: 13/13 MP: 3/3
   553 | D:1      | Gained mutation: You have a pair of small antennae on your
                  | head. [demonic ancestry]
   553 | D:1      | Reached XP level 2. HP: 19/19 MP: 0/5
   723 | D:1      | Learned a level 2 spell: Searing Ray
  1642 | D:1      | Gained mutation: You are partially covered in icy blue
                  | scales. (AC +2) [demonic ancestry]
  1642 | D:1      | Reached XP level 3. HP: 24/24 MP: 2/6
  1982 | D:2      | Found a stormy altar of Qazlal.
  1982 | D:2      | Noticed an earth elemental
  2295 | D:2      | Found a basalt altar of Yredelemnul.
  2304 | D:2      | Noticed a water elemental
  2312 | D:2      | Noticed an air elemental
  2313 | D:2      | Noticed a fire elemental
  2354 | D:2      | Reached skill level 5 in Conjurations
  2372 | D:2      | Reached XP level 4. HP: 30/30 MP: 2/8
  2718 | D:2      | Found a faded altar of an unknown god.
  3418 | D:2      | Reached XP level 5. HP: 35/35 MP: 6/9
  3448 | D:2      | Learned a level 4 spell: Fulminant Prism
  4102 | D:2      | Found a sacrificial altar of Ru.
  4273 | D:2      | Became a worshipper of Ru the Awakened
  4686 | D:3      | Found a bloodstained altar of Trog.
  4793 | D:3      | Found a blossoming altar of Fedhas.
  5337 | D:4      | Found a shattered altar of Ashenzari.
  5339 | D:4      | Found a shimmering altar of Xom.
  5380 | D:4      | Reached skill level 6 in Conjurations
  5417 | D:4      | Found Rutsig's Weapon Boutique.
  5546 | D:4      | Found a hazy altar of Hepliaklqana.
  5588 | D:4      | Found a sand-covered staircase.
  5593 | Ossuary  | Entered an ossuary
  5757 | Ossuary  | Gained mutation: You are somewhat unskilled. (-1 Apt) [Ru
                  | sacrifice]
  5757 | Ossuary  | Reduced skill Conjurations to level 5
  5757 | Ossuary  | Reached * piety under Ru
  5825 | Ossuary  | Reached XP level 6. HP: 32/41 MP: 0/10
  6252 | Ossuary  | Reached skill level 6 in Conjurations
  7225 | D:4      | Slain by an ogre

Levels and vault maps discovered:
D:1:      dpeg_arrival_round_c, layout_basic
D:2:      layout_basic, yredelemnul_altar_generic,
          nicolae_qazlal_style_of_elements, chequers_ecumenical_altar_twisty,
          nicolae_ru_sacrificial_ziggurat
D:3:      layout_basic, lemuel_doored_altar, bloody_trog
D:4:      layout_basic, marbit_many_paths, overflow_temple_1_default,
          chequers_temple_overflow_statue_of_worship, serial_shops, shop,
          enter_ossuary_2, kennysheep_cross_room

Skill      XL: |  1  2  3  4  5  6 |
---------------+-------------------+-----
Conjurations   | 5 5 6 |  6.5
Spellcasting   | 3 |  3.8
Dodging        | |  1.5
Stealth        | |  1.5

Action                   |  1- 3 |  4- 6 || total
-------------------------+-------+-------++-------
Melee: Unarmed           |    65 |    40 ||   105
 Cast: Magic Dart        |    19 |     9 ||    28
       Searing Ray       |    16 |    39 ||    55
       Fulminant Prism   |       |    12 ||    12
Invok: Sacrifice Skill   |       |     1 ||     1
Evoke: Wand              |       |     2 ||     2
  Use: Scroll            |     7 |     8 ||    15
       Potion            |       |     1 ||     1
 Stab: Distracted        |     1 |       ||     1
  Eat: Chunk             |     6 |    15 ||    21
       Ration            |       |     1 ||     1
Armor: Robe              |    21 |    13 ||    34
Dodge: Dodged            |    47 |    54 ||   101

Table legend:
 A = Non-vault XP
 B = Vault XP
 C = Vault XP percentage of total XP
 D = Non-vault monster count
 E = Vault monster count
 F = Vault count percentage of total count
                 A         B        C        D         E       F
            +---------+---------+-------+---------+---------+-------
      Total |     572 |     128 |  18.3 |      79 |      12 |  13.2
            +---------+---------+-------+---------+---------+-------
        D:1 |      46 |       0 |   0.0 |      28 |       0 |   0.0
        D:2 |     184 |       0 |   0.0 |      28 |       0 |   0.0
        D:3 |      20 |       0 |   0.0 |       9 |       0 |   0.0
        D:4 |     322 |       0 |   0.0 |      14 |       0 |   0.0
    Ossuary |       0 |     128 | 100.0 |       0 |      12 | 100.0
            +---------+---------+-------+---------+---------+-------
